Map: [ESL] Site Delta

Players

trigger

  • Race: Protoss Protoss
  • Spawn Location: 11:00

Future - Winner!

  • Race: Terran Terran
  • Spawn Location: 5:00

Event: ESL SC2 Masters 2023 Winter (Regional)

VOD

Have the link to the VOD?

Description

Time

  • Played on: Nov. 4, 2023, 2:26 p.m.
  • Length: 10:03

All games in this series

Show
View Real Time Build Order
Export as new Build Order

trigger Protoss 

Build Orders: 1 Gate Expand, Blink Stalkers 

Get SALT Encoding   

  12  0:00  Probe  
  13  0:12  Probe  
  14  0:17  Pylon  
  14  0:24  Probe (Chrono Boost)  
  16  0:36  Probe (Chrono Boost)  
  16  0:37  Gateway  
  16  0:43  Probe (Chrono Boost)  
  16  0:46  Assimilator  
  17  0:51  Probe  
  18  1:03  Probe  
  19  1:15  Probe  
  20  1:26  Cybernetics Core  
  20  1:33  Nexus  
  20  1:36  Probe  
  21  1:44  Pylon  
  21  1:49  Assimilator  
  21  1:52  Probe  
  22  1:59  Adept (Chrono Boost)  
  22  2:03  Warp Gate  
  22  2:05  Probe  
  25  2:17  Probe  
  25  2:19  Stalker (Chrono Boost)  
  28  2:29  Probe  
  29  2:34  Twilight Council  
  29  2:42  Probe  
  30  2:44  Stalker  
  30  2:45  Probe  
  33  2:55  Probe (Chrono Boost)  
  33  2:58  Gateway  
  34  2:59  Probe (Chrono Boost)  
  35  3:11  Probe (Chrono Boost)  
  37  3:13  Probe (Chrono Boost)  
  37  3:15  Blink (Chrono Boost)  
  37  3:17  Probe (Chrono Boost)  
  37  3:20  Probe (Chrono Boost)  
  37  3:25  Robotics Facility, Probe (Chrono Boost)  
  39  3:37  Probe x2 (Chrono Boost)  
  39  3:38  Pylon  
  40  3:43  Probe (Chrono Boost)  
  40  3:44  Probe (Chrono Boost)  
  42  3:52  Stalker x2  
  46  3:58  Probe  
  46  4:02  Nexus  
  47  4:04  Probe  
  48  4:13  Observer (Chrono Boost), Assimilator  
  48  4:16  Stalker x2  
  53  4:19  Pylon  
  53  4:22  Probe  
  54  4:28  Assimilator  
  54  4:37  Gateway, Probe x2  
  56  4:39  Gateway  
  56  4:43  Shield Battery  
  56  4:49  Probe x2, Robotics Bay  
  58  4:58  Pylon  
  58  5:01  Probe x2  
  58  5:03  Charge (Chrono Boost)  
  58  5:06  Observer (Chrono Boost)  
  61  5:13  Probe  
  61  5:14  Probe  
  63  5:16  Shield Battery  
  63  5:17  Probe  
  63  5:25  Probe  
  63  5:26  Gateway, Probe  
  63  5:27  Gateway  
  65  5:29  Probe  
  65  5:31  Pylon  
  66  5:37  Probe  
  66  5:39  Stalker x3  
  71  5:44  Stalker  
  70  6:00  Colossus (Chrono Boost)  
  70  6:01  Probe  
  70  6:03  Stalker x2  
  75  6:09  Stalker x2  
  78  6:17  Probe  
  73  6:20  Probe  
  72  6:27  Stalker x2  
  72  6:32  Probe  
  74  6:34  Probe  
  74  6:38  Stalker  
  74  6:39  Stalker  
  71  6:41  Probe  
  71  6:44  Probe  
  69  6:50  Zealot x2  
  69  6:52  Observer (Chrono Boost)  
  68  7:01  Stalker  
  53  7:02  Stalker  
  53  7:03  Stalker x2  
  50  7:13  Stalker  
  45  7:16  Stalker  
  47  7:24  Zealot  
  47  7:28  Zealot x2  
  52  7:30  Observer (Chrono Boost)  
  52  7:33  Zealot  
  55  7:41  Probe x2 (Chrono Boost)  
  57  7:53  Probe (Chrono Boost)  
  57  7:54  Probe (Chrono Boost)  
  59  8:00  Disruptor (Chrono Boost)  
  59  8:01  Probe x2 (Chrono Boost)  
  59  8:02  Nexus  
  59  8:10  Sentry, Probe  
  62  8:21  Pylon  
  62  8:24  Pylon  
  62  8:37  Probe  
  62  8:40  Observer (Chrono Boost), Stalker x4  
  68  8:44  Stalker  
  68  8:45  Phoenix  
  66  8:53  Zealot, Shield Battery  
  66  8:55  Shield Battery  
  68  8:58  Disruptor (Chrono Boost)  
  72  9:04  Zealot  
  74  9:12  Zealot x2  
  74  9:17  Zealot x2  
  82  9:25  Zealot x2  
  82  9:54  Pylon  
  82  9:55  Pylon  
Show
View Real Time Build Order
Export as new Build Order

Future Terran - Winner!

Build Orders:  

Get SALT Encoding   

  12  0:00  SCV  
  13  0:12  SCV  
  14  0:17  Supply Depot  
  14  0:24  SCV  
  15  0:39  SCV  
  15  0:40  Barracks  
  16  0:43  Refinery  
  16  0:51  SCV  
  17  1:03  SCV  
  18  1:15  SCV  
  19  1:27  Orbital Command, Marine  
  20  1:37  Command Center  
  20  1:45  Barracks Reactor  
  20  1:50  Supply Depot  
  20  1:53  SCV  
  21  2:00  Refinery  
  21  2:05  SCV  
  22  2:17  SCV  
  22  2:20  Factory  
  22  2:21  Marine x2  
  25  2:29  SCV  
  26  2:39  Marine x2  
  26  2:41  SCV  
  29  2:49  Orbital Command  
  29  2:55  SCV  
  30  2:58  Marine  
  30  2:59  Marine  
  30  3:05  Cyclone  
  34  3:07  SCV  
  34  3:09  Starport  
  35  3:16  Marine x2  
  35  3:18  SCV  
  35  3:19  SCV  
  38  3:24  Supply Depot  
  38  3:30  SCV  
  38  3:31  SCV  
  38  3:33  Barracks  
  40  3:34  Marine x2  
  40  3:39  Factory Tech Lab  
  42  3:43  SCV x2  
  42  3:46  Starport Tech Lab, Refinery  
  44  3:49  Supply Depot  
  44  3:55  SCV x2  
  44  3:56  Marine x2  
  44  4:01  Siege Tank  
  51  4:07  Cloaking Field  
  51  4:10  Banshee  
  51  4:14  Supply Depot  
  51  4:16  SCV  
  55  4:17  SCV  
  55  4:20  Marine x2  
  55  4:23  Barracks Tech Lab  
  58  4:28  SCV  
  58  4:29  SCV  
  60  4:31  Supply Depot  
  60  4:36  Siege Tank  
  63  4:40  SCV  
  63  4:41  SCV  
  63  4:42  Combat Shield  
  65  4:46  Marine x2  
  65  4:48  Marine  
  68  4:53  Banshee  
  68  4:56  Supply Depot  
  68  4:58  SCV  
  68  4:59  SCV  
  73  5:06  Supply Depot  
  73  5:10  SCV  
  73  5:11  SCV, Marine x3  
  78  5:24  Siege Tank  
  78  5:26  SCV  
  78  5:27  SCV  
  83  5:28  Supply Depot, Marine  
  83  5:29  Marine  
  83  5:34  Marine  
  86  5:36  Banshee  
  85  5:44  SCV  
  85  5:46  Supply Depot  
  86  5:54  Marine  
  86  5:56  Siege Tank  
  90  6:02  Marine x2  
  92  6:06  Stimpack, SCV  
  92  6:12  Marine, SCV, Engineering Bay  
  92  6:13  Refinery  
  92  6:14  Supply Depot  
  91  6:18  SCV  
  91  6:22  Marine  
  91  6:23  Marine  
  91  6:24  SCV  
  89  6:30  SCV, Marine  
  90  6:32  Siege Tank  
  90  6:36  SCV  
  90  6:39  Banshee  
  91  6:40  Marine  
  91  6:41  Marauder  
  91  6:42  SCV  
  90  6:48  Marine  
  88  6:54  Terran Infantry Weapons Level 1  
  88  6:58  Marine  
  88  7:01  Barracks  
  87  7:02  Marine  
  87  7:05  SCV  
  87  7:06  Marine, SCV  
  90  7:09  Siege Tank  
  92  7:16  Marine  
  92  7:20  Barracks, Marauder  
  92  7:22  Command Center  
  94  7:26  Barracks  
  92  7:30  Marine  
  92  7:34  Marine  
  94  7:41  Starport Reactor  
  94  7:42  Siege Tank, Marauder  
  96  7:52  SCV x2  
  96  7:57  Supply Depot  
  95  8:03  Marauder  
  95  8:05  Marauder, Marine x2  
  97  8:09  SCV x2  
  100  8:14  Barracks Reactor, Barracks Tech Lab  
  100  8:19  Medivac x2  
  104  8:21  SCV x2  
  104  8:22  Siege Tank  
  104  8:23  Marine x2  
  104  8:25  Marauder  
  115  8:27  Supply Depot x2, Marauder  
  115  8:29  Supply Depot  
  115  8:33  SCV x2  
  117  8:39  Marauder  
  119  8:46  Marauder  
  121  8:49  Medivac x2  
  121  8:53  Missile Turret  
  121  8:54  Missile Turret  
  125  8:57  Missile Turret  
  125  8:58  Missile Turret  
  125  9:01  Missile Turret x2  
  125  9:02  Marauder  
  127  9:03  Missile Turret  
  127  9:04  Marauder, Marine x3  
  127  9:05  Marine  
  127  9:09  Orbital Command  
  133  9:14  Refinery  
  133  9:16  Refinery  
  136  9:17  Siege Tank  
  136  9:24  Marauder x2  
  136  9:27  Marine, Marauder  
  143  9:32  Medivac x2  
  143  9:35  Marine  
  143  9:36  Marine  
  149  9:56  Command Center  
Tags
 
Add a new tag
Caveats
  • Supply blocks, unpowered buildings, or Contaminate may cause inaccurate times.
  • Supply counts are checked every 10 seconds.